 Dungeon Crawl Stone Soup version 0.23.2 (webtiles) character file.

Game seed: 10810178578680805132

21987 Revguard the Cleaver (level 12, 0/148 HPs)
             Began as a Demonspawn Monk on Apr 12, 2019.
             Slain by an ice dragon (1 damage)
             ... in an ice cave.
             The game lasted 00:54:23 (11530 turns).

Revguard the Cleaver (Demonspawn Monk)             Turns: 11530, Time: 00:54:23

Health: 0/148      AC: 26    Str: 19    XL:     12   Next: 59%
Magic:  0/16       EV:  2    Int: 11    God:
Gold:   560        SH:  0    Dex: 14    Spells: 11/11 levels left

rFire    . . .     SeeInvis .   K - +7 mace of Variability {chain chaos}
rCold    + . .     Gourm    .   (shield currently unavailable)
rNeg     + + +     Faith    .   (armour currently unavailable)
rPois    +         Spirit   +   (helmet currently unavailable)
rElec    .         Reflect  .   (cloak currently unavailable)
rCorr    .         Harm     .   (gloves currently unavailable)
MR       +....     NoTele   +   (boots currently unavailable)
Stlth    ++........             g - amulet of regeneration
HPRegen  0.74/turn              f - ring of protection from cold
MPRegen  0.15/turn              E - +4 ring of evasion

@: tree-form
A: rugged brown scales 2, clumsy 1, magic resistance 1, strong 1, magic shield
a: no special abilities


You were in an ice cave.
You were not hungry.
You were a tree.
You visited 3 branches of the dungeon, and saw 14 of its levels.
You also visited: Ice Cave.

You collected 1504 gold pieces.
You spent 944 gold pieces at shops.

Inventory:

Hand Weapons
 x - a +1 longbow
 H - a +0 hand axe of flaming
 K - the +7 mace of Variability (weapon) {chain chaos}
   (You found it on level 8 of the Dungeon)

   Each time it hits an enemy it has a different, random effect.
Missiles
 w - 176 arrows (quivered)
Armour
 i - the +0 pair of fencer's gloves (melded) {Riposte Dex+3}
   (You bought it in a shop on level 11 of the Dungeon)

   It affects your dexterity (+3).
 t - a +0 pair of boots (melded)
 F - a +4 plate armour (melded)
Jewellery
 a - a +4 amulet of reflection
 f - a ring of protection from cold (left branch)
 g - an amulet of regeneration (around neck)
 h - a +2 ring of protection
 D - an uncursed ring of flight
 E - a +4 ring of evasion (right branch)
Wands
 k - a wand of iceblast (9)
 u - a wand of digging (8)
 y - a wand of paralysis (18)
 z - a wand of enslavement (3)
Scrolls
 d - 9 scrolls of remove curse
 l - 5 scrolls of teleportation
 q - 2 scrolls of magic mapping
 r - a scroll of blinking
 B - 2 scrolls of amnesia
 G - 3 scrolls of enchant weapon
 I - 4 scrolls of identify
 M - a scroll of immolation
Potions
 b - a potion of curing
 e - a potion of brilliance
 n - 4 potions of haste
 o - a potion of flight
 s - a potion of agility
 C - a potion of lignification
 L - a potion of cancellation
Comestibles
 c - 22 rations
 j - 3 chunks of flesh


   Skills:
 + Level 9.3 Fighting
 - Level 9.7(11.1) Axes
 + Level 9.2(10.9) Maces & Flails
 - Level 4.0 Bows
 + Level 9.3 Armour
 + Level 4.3 Dodging
 - Level 1.7 Stealth
 + Level 6.3 Evocations


You had 11 spell levels left.
You didn't know any spells.
Your spell library contained the following spells:

 Spells                   Type           Power        Failure   Level  Hunger
 Summon Small Mammal      Summ           #...         34%         1    ##.....
 Call Imp                 Summ           #.......     47%         2    ###....
 Poisonous Vapours        Pois/Air       #.....       47%         2    ###....
 Call Canine Familiar     Summ           #.......     71%         3    ####...
 Conjure Flame            Conj/Fire      #.......     71%         3    ####...
 Mephitic Cloud           Conj/Pois/Air  #.......     71%         3    ####...
 Summon Guardian Golem    Hex/Summ       #.......     71%         3    ####...
 Summon Ice Beast         Ice/Summ       #.......     98%         4    #####..
 Summon Lightning Spire   Summ/Air       #.......     98%         4    #####..
 Freezing Cloud           Conj/Ice/Air   #.........   100%        6    #######
 Ring of Flames           Chrm/Fire      #.........   100%        7    #######


Dungeon Overview and Level Annotations

Branches:
Dungeon (11/15)            Temple (1/1) D:7            Lair (0/6) D:8
    Orc (2/2) D:10            Elf (0/3) Orc:2

Altars:
Ashenzari
Cheibriados
Dithmenos
Elyvilon
Fedhas
Gozag
Hepliaklqana
Kikubaaqudgha
Makhleb
Nemelex Xobeh
Okawaru
Qazlal
Ru
Sif Muna
Trog
Uskayaw
Vehumet
Wu Jian
Xom
Yredelemnul
Zin
The Shining One
Beogh

Shops:
D:7 !   D:11 [[


Innate Abilities, Weirdness & Mutations

((You have a pair of small horns on your head.))
(You are mostly covered in rugged brown scales. (AC +2, +5% HP))
((Your flesh is heat resistant. (rF+)))
When hurt, damage is shared between your health and your magic reserves.
You are clumsy. (Dex -2)
You are resistant to hostile enchantments. (MR+)
((Your system is resistant to poisons. (rPois)))
Your muscles are strong. (Str +2)


Message History

* * * LOW HITPOINT WARNING * * *
Really quaff the potion of lignification?
You turn into a tree.
The +0 pair of fencer's gloves {Riposte Dex+3} melds into your body.
Your +0 pair of boots melds into your body.
Your +4 plate armour melds into your body.
Your roots penetrate the ground.
The ice dragon bites you but does no damage.
The ice dragon claws you but does no damage.
The ice dragon tramples you but does no damage.
The ice dragon bites you.
* * * LOW HITPOINT WARNING * * *
The ice dragon claws you but does no damage.
The ice dragon tramples you but does no damage.
You barely miss the ice dragon.
The ice dragon is almost dead.
The ice dragon bites you.
* * * LOW HITPOINT WARNING * * *
The ice dragon claws you.
You die...

####....##
≈≈≈≈≈≈# ####..##
### ######≈#.#
##..###.##
$$$$$##..#
##.#....# $$....$
#...##.# $....$=
#####..###
......=
#...##.###......#
##....D.#.....#
####♣D....#
########


You could see 2 ice dragons.

Vanquished Creatures
  A fire dragon (D:11)
  A yaktaur captain (D:11)
  A hydra (D:8)
  3 two-headed ogres
  2 unseen horrors (D:11)
  2 orc knights (Orc:1)
  2 ugly things
  An ice statue (IceCv)
  Joseph (D:8)
  A gargoyle (D:11)
  2 rime drakes (IceCv)
  2 trolls (Orc:1)
  Grinder (D:5)
  2 dream sheep (D:8)
  A hippogriff (D:9)
  A shadow (D:11)
  Sigmund (D:3)
  8 yaks
  A vampire (D:9)
  A hungry ghost (D:7)
  2 chaos spawn (D:8)
  2 basilisks (D:8)
  A soldier ant (D:11)
  4 porcupines (D:8)
  3 water moccasins
  8 sky beasts
  24 ice beasts
  6 orc warriors
  A phantom (D:11)
  A black bear (D:9)
  7 ogres
  4 centaurs
  A crocodile (D:8)
  4 big kobolds
  10 bullfrogs
  A gnoll sergeant (D:10)
  2 water moccasin zombies
  3 scorpions
  12 killer bees
  5 howler monkeys
  7 crimson imps
  2 bullfrog zombies (D:11)
  4 jellies
  10 orc priests
  3 centaur zombies
  6 hounds
  3 bullfrog skeletons
  21 orc wizards
  3 centaur skeletons
  2 iguanas
  8 worker ants
  2 howler monkey zombies
  3 gnolls (D:10)
  13 adders
  3 shadow imps
  An ooze (D:6)
  4 worms
  2 dart slugs
  5 leopard geckos
  61 orcs
  4 giant cockroaches
  8 hobgoblins
  13 jackals
  3 kobolds
  3 quokkas
  2 ball pythons (D:1)
  8 bats
  6 frilled lizards
  4 goblins
  2 leopard gecko zombies
  10 rats
  6 plants (D:1)
368 creatures vanquished.

Vanquished Creatures (collateral kills)
  An ice statue (IceCv)
  A scorpion (D:6)
  An orc (D:6)
3 creatures vanquished.

Vanquished Creatures (others)
  An orc warrior (D:6)
  A fungus (D:8)
  4 plants (D:8)
6 creatures vanquished.

Grand Total: 377 creatures vanquished

Notes
Turn   | Place    | Note
-------+----------+-------------------------------------------
     0 | D:1      | Revguard the Demonspawn Monk began the quest for the Orb.
     0 | D:1      | Reached XP level 1. HP: 18/18 MP: 1/1
   213 | D:1      | Gained mutation: Your muscles are strong. (Str +2) [potion
                  | of mutation]
   213 | D:1      | Gained mutation: You are clumsy. (Dex -2) [potion of
                  | mutation]
   213 | D:1      | Gained mutation: Your system is resistant to poisons.
                  | (rPois) [potion of mutation]
   213 | D:1      | Gained mutation: You are resistant to hostile enchantments.
                  | (MR+) [potion of mutation]
   484 | D:1      | Gained mutation: You are partially covered in rugged brown
                  | scales. (AC +1, +3% HP) [demonic ancestry]
   484 | D:1      | Reached XP level 2. HP: 18/24 MP: 2/2
  1187 | D:2      | Found a sparkling altar of Nemelex Xobeh.
  1393 | D:2      | Reached XP level 3. HP: 29/29 MP: 3/3
  1400 | D:2      | Reached skill level 1 in Armour
  1969 | D:3      | Reached XP level 4. HP: 36/36 MP: 4/4
  2056 | D:3      | Found a shadowy altar of Dithmenos.
  2317 | D:3      | Noticed Sigmund
  2349 | D:3      | Killed Sigmund
  2349 | D:3      | Gained mutation: When hurt, damage is shared between your
                  | health and your magic reserves. [demonic ancestry]
  2349 | D:3      | Reached XP level 5. HP: 12/43 MP: 5/5
  2796 | D:4      | Reached XP level 6. HP: 41/49 MP: 4/6
  3634 | D:4      | Gained mutation: You have a pair of small horns on your
                  | head. [demonic ancestry]
  3634 | D:4      | Reached XP level 7. HP: 32/54 MP: 3/7
  3707 | D:5      | Entered Level 5 of the Dungeon
  3790 | D:5      | Reached skill level 5 in Axes
  3873 | D:5      | Noticed Grinder
  3923 | D:5      | Killed Grinder
  3923 | D:5      | Reached skill level 5 in Armour
  4190 | D:5      | Reached XP level 8. HP: 53/62 MP: 8/8
  4608 | D:6      | Reached skill level 1 in Bows
  5251 | D:7      | Reached skill level 5 in Fighting
  5328 | D:7      | Reached skill level 1 in Evocations
  5328 | D:7      | Reached XP level 9. HP: 70/70 MP: 7/9
  5618 | D:7      | Found a staircase to the Ecumenical Temple.
  5681 | Temple   | Entered the Ecumenical Temple
  5906 | D:7      | Found Elonueg's Distillery.
  5931 | D:7      | Bought a potion of agility for 48 gold pieces
  5931 | D:7      | Bought a potion of heal wounds for 60 gold pieces
  5931 | D:7      | Bought a potion of lignification for 36 gold pieces
  6529 | D:8      | Reached XP level 10. HP: 57/78 MP: 8/12
  6568 | D:8      | Noticed a two-headed hydra
  6573 | D:8      | Killed a one-headed hydra
  6646 | D:8      | Noticed Joseph
  6682 | D:8      | Killed Joseph
  6870 | D:8      | Found a staircase to the Lair.
  6918 | D:8      | Reached skill level 5 in Evocations
  7207 | D:8      | Found the +7 mace of Variability {chain chaos}
  7339 | D:8      | Found a shimmering altar of Xom.
  7380 | D:8      | Found a burning altar of Makhleb.
  7380 | D:8      | Found a blossoming altar of Fedhas.
  7672 | D:9      | Gained mutation: You are mostly covered in rugged brown
                  | scales. (AC +2, +5% HP) [demonic ancestry]
  7672 | D:9      | Reached XP level 11. HP: 80/88 MP: 15/15
  7685 | D:9      | Noticed a two-headed ogre
  7698 | D:9      | Killed a two-headed ogre
  7698 | D:9      | Reached skill level 1 in Maces & Flails
  7900 | D:9      | Got a smoking long sword
  7901 | D:9      | Identified the +4 long sword "Nufaerin" {vamp, Int+2 Dex+4
                  | Stlth+} (You found it on level 9 of the Dungeon)
  8066 | D:9      | Got a warped glaive
  8068 | D:9      | Identified the +5 glaive of Embarrassment {freeze, Stlth+}
                  | (You found it on level 9 of the Dungeon)
  8238 | D:9      | Found a deep blue altar of Sif Muna.
  8292 | D:9      | Found a glowing golden altar of the Shining One.
  8294 | D:9      | Found a basalt altar of Yredelemnul.
  8485 | D:10     | Entered Level 10 of the Dungeon
  8485 | D:10     | Noticed a brown ugly thing
  8500 | D:9      | Killed a brown ugly thing
  8675 | D:10     | Found a roughly hewn altar of Beogh.
  8675 | D:10     | Found a staircase to the Orcish Mines.
  8705 | D:10     | HP: 5/132 [orc priest/divine providence (13)]
  8705 | D:10     | HP: 2/132 [orc (3)]
  9382 | D:11     | Noticed a two-headed ogre
  9394 | D:11     | Killed a two-headed ogre
  9411 | D:11     | Found a runed translucent door.
  9417 | D:11     | Noticed a green ugly thing
  9426 | D:11     | Found Meudwia's Antique Armour Shoppe.
  9521 | D:11     | Reached skill level 5 in Maces & Flails
  9591 | D:11     | Killed an unseen horror
  9707 | D:11     | Found Gaeruiga's Antique Armour Emporium.
 10085 | D:11     | Killed an unseen horror
 10173 | D:11     | Noticed a yaktaur captain
 10181 | D:11     | Killed a green ugly thing
 10185 | D:11     | Killed a yaktaur captain
 10185 | D:11     | Noticed a fire dragon
 10194 | D:11     | Gained mutation: Your flesh is heat resistant. (rF+)
                  | [demonic ancestry]
 10194 | D:11     | Reached XP level 12. HP: 45/98 MP: 4/16
 10204 | D:11     | Killed a fire dragon
 10347 | Orc:1    | Entered Level 1 of the Orcish Mines
 10506 | Orc:1    | Noticed a two-headed ogre
 10529 | Orc:1    | Killed a two-headed ogre
 10655 | Orc:1    | HP: 6/148 [orc priest/divine providence[an orc knight]
                  | (10)]
 10978 | D:11     | Bought the +0 pair of fencer's gloves {Riposte Dex+3} for
                  | 800 gold pieces
 10978 | D:11     | Found the +0 pair of fencer's gloves {Riposte Dex+3}
 11116 | Orc:2    | Entered Level 2 of the Orcish Mines
 11151 | Orc:2    | Found a frozen archway.
 11180 | Orc:2    | Found a staircase to the Elven Halls.
 11185 | IceCv    | Entered an ice cave
 11515 | IceCv    | Noticed an ice dragon
 11515 | IceCv    | Noticed an ice dragon
 11528 | IceCv    | HP: 2/99 [ice dragon/blast of cold (17)]
 11530 | IceCv    | Slain by an ice dragon

Skill      XL: |  1  2  3  4  5  6  7  8  9 10 11 12 |
---------------+-------------------------------------+-----
Axes           | 3 4 5 6 8 9 |  9.7
Dodging        | 3 4 |  4.3
Armour         | 1 3 4 5 6 7 8 9 |  9.3
Fighting       | 4 5 6 7 8 9 |  9.3
Bows           | 2 3 4 |  4.0
Evocations     | 1 3 5 6 |  6.3
Maces & Flails | 6 9 |  9.2
Stealth        | |  1.7

Action                   |  1- 3 |  4- 6 |  7- 9 | 10-12 || total
-------------------------+-------+-------+-------+-------++-------
Melee: Hand axe          |   299 |   188 |   521 |   165 ||  1173
       Headbutt          |       |       |    98 |    98 ||   196
       Great mace        |       |       |       |   377 ||   377
 Fire: Longbow           |       |       |    16 |    11 ||    27
Evoke: Wand              |       |       |     4 |     4 ||     8
  Use: Potion            |     3 |     6 |     2 |     8 ||    19
       Scroll            |       |     6 |     8 |    13 ||    27
 Stab: Sleeping          |     2 |       |       |       ||     2
       Paralysed         |       |       |       |     3 ||     3
       Invisible         |       |       |       |     1 ||     1
       Confused          |       |       |       |     1 ||     1
  Eat: Chunk             |     4 |     4 |    13 |    17 ||    38
       Ration            |       |       |     2 |       ||     2
Armor: Robe              |    13 |       |       |       ||    13
       Scale mail        |    56 |    84 |       |       ||   140
       Chain mail        |       |    36 |   241 |       ||   277
       Plate armour      |       |       |    73 |   403 ||   476
       Skin              |       |       |       |     5 ||     5
Dodge: Dodged            |   119 |   158 |   289 |   396 ||   962
       Rpst.: Great mace |       |       |       |    18 ||    18
